 Dungeon Crawl Stone Soup version 0.26.1-2-gb8aa6d0cf2 (webtiles) character file.

Game seed: 8553178571933136613

532 Mattiprrivan the Sneak (level 7, 0/48 HPs)
             Began as an Octopode Chaos Knight on Feb 14, 2021.
             Was a Plaything of Xom.
             Slain by Sigmund
             ... wielding a +0 scythe
              (5 damage)
             ... on level 4 of the Dungeon.
             The game lasted 00:37:09 (3605 turns).

Mattiprrivan the Sneak (Octopode Chaos Knight)      Turns: 3605, Time: 00:37:10

Health: 0/48       AC:  1    Str: 16 (18) XL:     7   Next: 24%
Magic:  7/7        EV:  9    Int: 12 (14) God:    Xom [....*.]
Gold:   192        SH: 14    Dex: 11 (13) Spells: 6/6 levels left

rFire    + . .     SeeInvis .   a - +0 falchion (chaos)
rCold    + . .     Faith    .   b - +2 tower shield
rNeg     . . .     Spirit   .   (helmet restricted)
rPois    +         Reflect  .   m - amulet of regeneration
rElec    +         Harm     .   n - +6 ring of strength
rCorr    +         Rampage  .   (no ring)
Will     .....                  (no ring)
Stlth    ++++......             (no ring)
HPRegen  0.56/turn              (no ring)
MPRegen  0.10/turn              (no ring)
                                (no ring)
                                (no ring)

@: resistant
A: almost no armour, stealthy swim, amphibious, 8 rings, constrict 8, camouflage
1, gelatinous body 1
a: Renounce Religion


You were on level 4 of the Dungeon.
You worshipped Xom.
You were a beloved toy of Xom.
You visited 1 branch of the dungeon, and saw 4 of its levels.

You collected 192 gold pieces.

Inventory:

Hand Weapons
 a - a +0 falchion of chaos (weapon)
Missiles
 d - 15 poisoned darts (quivered)
Armour
 b - a +2 tower shield (worn)
Jewellery
 m - an amulet of regeneration (around mantle)
 n - a +6 ring of strength (left tentacle)
Wands
 j - a wand of paralysis (8)
Scrolls
 c - 2 scrolls of blinking
 h - 4 scrolls of teleportation
 o - a scroll of immolation
Potions
 e - 4 potions of curing
 f - a potion of brilliance
 l - a potion of might


   Skills:
 * Level 4.0 Fighting
 * Level 4.5 Long Blades
 * Level 2.0 Throwing
 * Level 3.2 Dodging
 * Level 4.7 Stealth
 * Level 1.7 Shields
 * Level 2.0 Unarmed Combat
 * Level 1.3 Evocations


You had 6 spell levels left.
You didn't know any spells.
Your spell library was empty.

Dungeon Overview and Level Annotations

Branches:
Dungeon (4/15)
 Temple: D:4-7

Altars:
Xom

Annotations:
D:4 1 runed translucent door, Sigmund


Innate Abilities, Weirdness & Mutations

You cannot wear most types of armour.
You are very stealthy in the water. (Stealth+)
You are amphibious.
You can wear up to eight rings at the same time.
You can use your tentacles to constrict eight enemies at once.
Your skin changes colour to match your surroundings (Stealth+).
Your rubbery body absorbs attacks. (AC +1, EV +1)


Message History

You miss something.
You hear some strange, mumbled words.
You are confused.
Okay, then.
You feel much better. Something hits you.
You completely miss something. Something hits you!
You feel less confused. Something hits you!
You emit a cloud of colourful smoke!
You barely miss something. Your squeeze misses something.
Something hits you but does no damage.
You closely miss something. Something hits you!
* * * LOW HITPOINT WARNING * * *
You hit something. You hit something.
Space bends around something.
Something hits you!
* * * LOW HITPOINT WARNING * * *
You emit a cloud of colourful smoke!
You closely miss something. Something hits you.
You die... "What!?
That's it?"

##### ###### .....
#....# ..... #§...#
.... #§☼§§#
....####§§§§###
##+#####..§§§@§##.##
#......'...§{§§#...#
#......#..§..§§#...#
#####.....#...†.§§#..##
#..##.....#########..##
....#............#....#
#...#............#....#
#..##.....##.....#....#
#))####..........#....#


There were no monsters in sight!

Vanquished Creatures
  A hound (D:4)
  An orc priest (D:4)
  Crazy Yiuf (D:3)
  2 orc wizards
  Ijyb (D:3)
  A hound skeleton (D:4)
  4 adders
  An ooze (D:1)
  An adder skeleton (D:4)
  2 dart slugs
  3 leopard geckos
  11 orcs
  4 giant cockroaches
  8 goblins
  4 hobgoblins
  11 kobolds
  A quokka (D:3)
  7 bats
  4 frilled lizards
  26 rats
94 creatures vanquished.

Vanquished Creatures (collateral kills)
  Duvessa (D:4)
  Blork the orc (D:4)
  The ghost of lasso the Sneak, an amateur SpEn (D:4)
  Dowan (D:4)
  2 adders (D:4)
  A giant cockroach (D:4)
  A ball python (D:4)
  A rat (D:4)
9 creatures vanquished.

Grand Total: 103 creatures vanquished

Notes
Turn   | Place    | Note
-------+----------+-------------------------------------------
     0 | D:1      | Mattiprrivan the Octopode Chaos Knight began the quest for
                  | the Orb.
     0 | D:1      | Reached XP level 1. HP: 16/16 MP: 1/1
   178 | D:1      | Reached XP level 2. HP: 19/21 MP: 2/2
   430 | D:1      | Reached skill level 1 in Stealth
   430 | D:1      | Reached XP level 3. HP: 20/26 MP: 3/3
  1009 | D:2      | Reached skill level 1 in Unarmed Combat
  1135 | D:2      | XOM: silly message
  1423 | D:3      | Reached XP level 4. HP: 27/31 MP: 4/4
  1574 | D:3      | XOM: cloud trail
  1610 | D:3      | XOM: 1-stop teleportation journey
  1687 | D:3      | XOM: scenery: create altars
  1701 | D:3      | XOM: god gift: scroll of teleportation
  1708 | D:3      | Found a runed translucent door.
  1709 | D:3      | Noticed Crazy Yiuf
  1751 | D:3      | Killed Crazy Yiuf
  1752 | D:3      | Reached skill level 1 in Throwing
  1752 | D:3      | Reached XP level 5. HP: 19/36 MP: 5/5
  2061 | D:3      | Noticed Ijyb
  2067 | D:3      | Killed Ijyb
  2068 | D:3      | Reached skill level 1 in Shields
  2615 | D:3      | XOM: god gift: puce potion {god gift}
  2631 | D:3      | XOM: 2-stop teleportation journey
  2967 | D:4      | Reached XP level 6. HP: 43/43 MP: 6/6
  3028 | D:4      | Noticed Duvessa
  3028 | D:4      | Noticed Dowan
  3028 | D:4      | Noticed Blork the orc
  3031 | D:4      | XOM: chaos upgrade
  3032 | D:4      | XOM: smoke on damage
  3038 | D:4      | XOM: noise
  3053 | D:4      | Killed Blork the orc
  3057 | D:4      | Killed Dowan
  3083 | D:4      | Found a runed translucent door.
  3083 | D:4      | Noticed lasso's ghost (amateur SpEn)
  3084 | D:4      | Killed Duvessa
  3085 | D:4      | Reached skill level 1 in Evocations
  3085 | D:4      | Reached XP level 7. HP: 48/48 MP: 7/7
  3101 | D:4      | Killed lasso's ghost
  3117 | D:4      | Found a runed translucent door.
  3392 | D:4      | XOM: scenery: 2 doors close
  3527 | D:4      | XOM: divination: detect items
  3571 | D:4      | Noticed Sigmund
  3600 | D:4      | XOM: smoke on damage
  3604 | D:4      | XOM: smoke on damage
  3605 | D:4      | Slain by Sigmund

Illustrated notes

Levels and vault maps discovered:
D:1:      minmay_arrival_radiant_lines, layout_basic
D:2:      layout_rooms
D:3:      layout_loops_cross, eino_tiny_chamber, minmay_rat_hole,
          uniq_crazy_yiuf_cottage, uniq_ijyb
D:4:      layout_gridville, ebering_ghost_sewer_f, serial_glass,
          glass_columns_a, glass_columns_a, glass_columns_a, uniq_duvessa,
          uniq_sigmund, uniq_blork_the_orc

Skill      XL: |  1  2  3  4  5  6  7 |
---------------+----------------------+-----
Stealth        | 1 2 3 4 |  4.7
Unarmed Combat | 1 2 |  2.0
Throwing       | 1 2 |  2.0
Shields        | 1 |  1.7
Long Blades    | 4 |  4.5
Dodging        | 3 |  3.2
Fighting       | 4 |  4.0
Evocations     | 1 |  1.3

Action                   |  1- 3 |  4- 6 |  7- 9 || total
-------------------------+-------+-------+-------++-------
Melee: Falchion          |    68 |    85 |    33 ||   186
       Constrict         |    18 |    26 |     5 ||    49
       Tentacles         |     4 |    16 |     1 ||    21
       Unarmed           |       |    14 |       ||    14
Throw: Dart              |     4 |     4 |       ||     8
Evoke: Wand              |       |     3 |       ||     3
  Use: Scroll            |     8 |     9 |     2 ||    19
       Potion            |     1 |     1 |     3 ||     5
 Stab: Sleeping          |     4 |     8 |     1 ||    13
       Paralysed         |       |    16 |       ||    16
Armor: Skin              |    11 |     7 |     2 ||    20
Dodge: Dodged            |    20 |    38 |     2 ||    60
Block: Tower shield      |    27 |    34 |     7 ||    68
       Rpst.: Falchion   |     9 |     7 |     2 ||    18
